cohdb
Replays
Latest Replays
All Replays
Popular Replays
Top Player Replays
Match Explorer
How It Works
Community
CoH3 Stats
Reddit
Sign in to upload your games and track your stats! →
Sign in with Steam
Match 38790617
Unlisted
Match 38790617
Overview
Messages
Build Orders
End
Construct Barracks
Selects Airborne Battlegroup
Selects Pathfinders
Engineer Squad
1⁄4-ton 4x4 Truck
Riflemen Squad
Riflemen Squad
Infantry Support Center
Construct Weapon Support Center
M3 Armored Personnel Carrier
Riflemen Squad
M1918 Browning Automatic Rifles
Construct Medical Station
Selects Paratrooper Squad Paradrop
Selects Anti-tank Gun Team Paradrop
Paratrooper Squad Paradrop
Grenade Package
M1 Mortar Team
Anti-tank Gun Team Paradrop
Anti-tank Gun Team Paradrop
Selects Smoke Bombing Run
Selects Paradrop Reinforcements
Selects Dual P-47 Rocket Strike
Construct Tank Depot
M4A1 Sherman Medium Tank
Smoke Bombing Run
M4A1 Sherman Medium Tank
M1919 Machine Gun Team
Engineer Squad
MakJemah
REGULATOR
0
0
Comments
sign in to comment!
No comments posted yet!